 Dungeon Crawl Stone Soup version 0.24-a0-375-g4de66ed42b (webtiles) character file.

Game seed: 1060209973885884836

492 ohad the Changer (level 7, -8/43 HPs)
             Began as an Octopode Transmuter on May 31, 2019.
             Shot with an arrow by a centaur (14 damage)
             ... on level 5 of the Dungeon.
             The game lasted 00:09:38 (4585 turns).

ohad the Changer (Octopode Transmuter)              Turns: 4585, Time: 00:09:39

Health: -8/43      AC:  2    Str: 13    XL:     7   Next: 14%
Magic:  9/11       EV: 20    Int: 17    God:
Gold:   173        SH:  0    Dex: 21    Spells: 2/12 levels left

rFire    . . .     SeeInvis .     - Unarmed
rCold    + . .     Gourm    .   (shield currently unavailable)
rNeg     . . .     Faith    .   (helmet currently unavailable)
rPois    x         Spirit   .   (no amulet)
rElec    .         Reflect  .   m - ring of protection from cold
rCorr    .         Harm     .   t - +4 ring of strength
MR       .....                  v - +3 ring of dexterity
Stlth    ++........             (no ring)
HPRegen  0.14/turn              (no ring)
MPRegen  0.12/turn              (no ring)
                                (no ring)
                                (no ring)

@: spider-form
A: tiny, almost no armour, stealthy swim, (amphibious), 8 rings, (constrict 8)
a: End Transformation


You were on level 5 of the Dungeon.
You were very hungry.
You were a venomous arachnid creature.
You visited 1 branch of the dungeon, and saw 5 of its levels.

You collected 173 gold pieces.

Inventory:

Hand Weapons
 f - a +0 dagger of electrocution (melded)
 r - a +1 dagger of speed
Missiles
 a - 57 arrows
Armour
 p - a +0 buckler
Jewellery
 m - a ring of protection from cold (left front leg)
 t - a +4 ring of strength (right front leg)
 v - a +3 ring of dexterity (on tentacle)
Scrolls
 b - 2 scrolls of enchant weapon {unknown}
 g - 3 scrolls of teleportation
 h - 2 scrolls of remove curse {unknown}
 i - 2 scrolls of magic mapping
 k - 3 scrolls of amnesia
 n - a scroll of fear {unknown}
 o - a scroll of blinking {unknown}
 s - a scroll of immolation {unknown}
Potions
 d - 3 potions of heal wounds
 e - 2 potions of curing
 j - a potion of flight {unknown}
 l - a potion of brilliance {unknown}
 q - 4 potions of lignification
 u - a potion of berserk rage {unknown}
Comestibles
 c - 12 rations


   Skills:
 - Level 1.0 Fighting
 - Level 2.0 Dodging
 - Level 3.0 Unarmed Combat
 + Level 3.1 Spellcasting
 - Level 6.1 Transmutations
 * Level 3.1 Ice Magic


You had 2 spell levels left.
You knew the following spells:

 Your Spells              Type           Power        Failure   Level  Hunger
a - Beastly Appendage     Tmut           ###...       6%          1    None
b - Sticks to Snakes      Tmut           ###.....     8%          2    ##.....
c - Spider Form           Tmut/Pois      ##........   32%         3    ###....
d - Ice Form              Ice/Tmut       ###.....     47%         4    ####...

Your spell library contained the following spells:

 Spells                   Type           Power        Failure   Level  Hunger
 Blade Hands              Tmut           ###.......   58%         5    ######.


Dungeon Overview and Level Annotations

Branches:
Dungeon (5/15)
 Temple: D:4-7

Altars:
Ashenzari
Cheibriados
Fedhas
Okawaru
Qazlal


Innate Abilities, Weirdness & Mutations

You cannot wear most types of armour.
You are very stealthy in the water. (Stealth+)
((You are amphibious.))
You can wear up to eight rings at the same time.
((You can use your tentacles to constrict eight enemies at once.))
((Your skin changes colour to match your surroundings (Stealth+).))
((Your rubbery body absorbs attacks. (AC +1, EV +1)))


Message History

* * * LOW HITPOINT WARNING * * *
You hit the centaur but do no damage.
The centaur is poisoned.
The centaur is moderately wounded.
The centaur closely misses you.
The centaur wields a +0 shortbow.
The centaur shoots an arrow.
The arrow closely misses you.
The centaur shoots an arrow.
The arrow hits you!
* * * LOW HITPOINT WARNING * * *
You see here 2 arrows.
The centaur shoots an arrow.
The arrow closely misses you.
You see here 2 arrows.
The centaur shoots an arrow.
The arrow closely misses you.
You feel much better.
The centaur shoots an arrow.
The arrow hits you.
The centaur shoots an arrow.
The arrow hits you.
You see here an arrow.
The centaur shoots an arrow.
The arrow hits you.
The centaur shoots an arrow.
The arrow hits you!
* * * LOW HITPOINT WARNING * * *
You see here 2 arrows.
The centaur shoots an arrow.
The arrow hits you!
You die...

###########
#.<(.......
#.#s......#
#.#(#####.#
#.#(# #.#(#
#.#(# #.#(#
o.#c#
...oo.oo#
...######


You could see a centaur and 2 orcs.

Vanquished Creatures
  Sigmund (D:3)
  A howler monkey (D:4)
  A crimson imp (D:4)
  Natasha (thrice) (D:3)
  Robin (D:3)
  7 adders
  5 worms
  6 leopard geckos
  5 orcs (D:4)
  4 bats
  3 giant cockroaches
  18 goblins
  6 hobgoblins
  10 jackals (D:3)
  10 kobolds
  A ball python skeleton (D:2)
  6 frilled lizards
  2 rats
90 creatures vanquished.

Notes
Turn   | Place    | Note
-------+----------+-------------------------------------------
     0 | D:1      | ohad the Octopode Transmuter began the quest for the Orb.
     0 | D:1      | Reached XP level 1. HP: 13/13 MP: 3/3
   290 | D:1      | Reached XP level 2. HP: 18/18 MP: 3/5
   462 | D:1      | Reached skill level 3 in Transmutations
   571 | D:1      | You fall into a shaft and drop 1 floor!
   577 | D:2      | Found a faded altar of an unknown god.
   642 | D:2      | Reached XP level 3. HP: 20/23 MP: 6/6
  1019 | D:2      | Reached skill level 4 in Transmutations
  1226 | D:2      | Learned a level 2 spell: Sticks to Snakes
  1230 | D:2      | Learned a level 3 spell: Spider Form
  1320 | D:2      | Reached XP level 4. HP: 28/28 MP: 5/7
  1793 | D:3      | Noticed Sigmund
  1807 | D:3      | Killed Sigmund
  1807 | D:3      | Reached skill level 6 in Transmutations
  1807 | D:3      | Reached XP level 5. HP: 33/33 MP: 5/8
  1807 | D:3      | Reached XP level 6. HP: 38/38 MP: 5/9
  1886 | D:3      | Noticed Natasha
  1899 | D:3      | Killed Natasha
  2349 | D:3      | Noticed Robin
  2632 | D:3      | Killed Robin
  2653 | D:3      | Noticed Natasha
  2668 | D:3      | Killed Natasha
  2683 | D:3      | Learned a level 4 spell: Ice Form
  2783 | D:3      | Noticed Natasha
  2790 | D:3      | Killed Natasha
  2790 | D:3      | Reached skill level 1 in Ice Magic
  3199 | D:3      | Found an iron altar of Okawaru.
  3234 | D:3      | Found a snail-covered altar of Cheibriados.
  3703 | D:4      | Found a stormy altar of Qazlal.
  3914 | D:4      | Found a blossoming altar of Fedhas.
  3988 | D:4      | Reached XP level 7. HP: 43/43 MP: 11/11
  4088 | D:4      | Found a shattered altar of Ashenzari.
  4563 | D:5      | Entered Level 5 of the Dungeon
  4579 | D:5      | HP: 2/43 [centaur/arrow (11)]
  4585 | D:5      | Shot with an arrow by a centaur

Levels and vault maps discovered:
D:1:      dpeg_arrival_simpleton_c, layout_loops_ring,
          wad_floor_pattern_untrapped
D:2:      layout_basic, chequers_ecumenical_altar_simple_redux
D:3:      layout_basic, nicolae_overflow_hidden_temple,
          okawaru_ov_weapons_minmay, uniq_natasha, uniq_robin, uniq_sigmund
D:4:      layout_loops_ring, nicolae_qazlal_general_emergency,
          nicolae_ashenzari_panopticon, fedhas_altar_fruit_tree
D:5:      layout_loops_ring, marbit_many_paths, first_ration, uniq_duvessa

Skill      XL: |  1  2  3  4  5  6  7 |
---------------+----------------------+-----
Transmutations | 3 4 6 |  6.1
Spellcasting   | 3 |  3.1
Ice Magic      | 2 3 |  3.1
Fighting       | |  1.0
Dodging        | |  2.0
Unarmed Combat | |  3.0

Action                   |  1- 3 |  4- 6 |  7- 9 || total
-------------------------+-------+-------+-------++-------
Melee: Unarmed           |     7 |    38 |    10 ||    55
       Constrict         |    14 |    21 |     3 ||    38
       Tentacles         |     7 |     8 |     3 ||    18
       Dagger            |    46 |    91 |    15 ||   152
       Punch             |     1 |     3 |       ||     4
       Kick              |     1 |     9 |       ||    10
 Cast: Beastly Appendage |     5 |     6 |       ||    11
       Spider Form       |       |     6 |     2 ||     8
  Use: Scroll            |       |     5 |       ||     5
       Potion            |       |       |     1 ||     1
 Stab: Sleeping          |     3 |     6 |     1 ||    10
  Eat: Chunk             |     1 |     9 |     1 ||    11
Armor: Skin              |     5 |     9 |       ||    14
Dodge: Dodged            |    42 |    94 |    24 ||   160

Table legend:
 A = Non-vault XP
 B = Vault XP
 C = Vault XP percentage of total XP
 D = Non-vault monster count
 E = Vault monster count
 F = Vault count percentage of total count
                 A         B        C        D         E       F
            +---------+---------+-------+---------+---------+-------
      Total |     410 |     293 |  41.7 |      77 |      13 |  14.4
            +---------+---------+-------+---------+---------+-------
        D:1 |      30 |       0 |   0.0 |      17 |       0 |   0.0
        D:2 |      81 |       4 |   4.7 |      25 |       2 |   7.4
        D:3 |     129 |     289 |  69.1 |      23 |      11 |  32.4
        D:4 |     170 |       0 |   0.0 |      12 |       0 |   0.0
            +---------+---------+-------+---------+---------+-------
